 Dungeon Crawl Stone Soup version 0.31-a0-1424-g2add1c7226 (webtiles) character file.

Game seed: 3968209115558418415

22978 greenreed the Grappler (level 12, -12/115 HPs)
             Began as a Troll Shapeshifter on Dec 26, 2023.
             Was an Elder of Hepliaklqana.
             Mangled by a cyclops (23 damage)
             ... on level 12 of the Dungeon.
             The game lasted 00:22:34 (9332 turns).

greenreed the Grappler (Troll Shapeshifter)         Turns: 9332, Time: 00:22:34

Health: -12/115    AC:  2    Str: 29    XL:     12   Next: 67%
Magic:  11/11      EV: 15    Int:  6    God:    Hepliaklqana [****..]
Gold:   818        SH:  0    Dex:  9    Spells: 11/11 levels left

rFire   . .          .
                       - Unarmed
rCold   . . .        (shield currently unavailable)
rNeg    . . .        J - melded +0 troll leather armour
rPois   .            (helmet restricted)
rElec   .            (no cloak)
rCorr   .            (gloves unavailable)
SInv    .            (boots unavailable)
Will    .....        H - amulet of regeneration
Stlth   +            G - +4 ring of slaying
HPRegen 1.99/turn    (no ring)
MPRegen 0.12/turn

%: no passive effects
@: lethally poisoned (-12 -> -30), flux-form, glowing
A: glow, contaminating, reduced essence, large, unfitting armour, claws 3,
regeneration 1, shaggy fur 1, tough skin 1
a: Begin Untransformation, Renounce Religion, Recall Ancestor, Ancestor
Identity, Transference, Idealise


You were on level 12 of the Dungeon.
You worshipped Hepliaklqana.
Hepliaklqana was greatly pleased with you.
You were something dangerously unstable.
You visited 2 branches of the dungeon, and saw 13 of its levels.
You also visited: Bailey.

You collected 818 gold pieces.

Inventory:

Hand Weapons
 y - a +0 whip of freezing
Armour
 I - +0 swamp dragon scales
 J - a +0 troll leather armour (melded)
Jewellery
 a - a +6 ring of intelligence
 w - a ring of ice
 A - a ring of ice
 D - an amulet of the acrobat
 G - a +4 ring of slaying (left claw)
 H - an amulet of regeneration (around neck)
Talismans
 c - a beast talisman
 d - a flux talisman (active)
Wands
 x - a wand of iceblast (18)
 B - a wand of flame (16)
 E - a wand of charming (19)
 F - a wand of acid (8)
Scrolls
 f - 7 scrolls of teleportation {unknown}
 g - 3 scrolls of fog {unknown}
 h - 3 scrolls of immolation {unknown}
 i - 2 scrolls of amnesia {unknown}
 j - 10 scrolls of identify {unknown}
 l - a scroll of enchant armour {unknown}
 n - 3 scrolls of blinking {unknown}
 p - 5 scrolls of enchant weapon {unknown}
 s - 2 scrolls of noise {unknown}
 t - 2 scrolls of poison {unknown}
 z - a scroll of acquirement {unknown}
 C - a scroll of fear {unknown}
Potions
 b - a potion of lignification
 e - 6 potions of haste {unknown}
 k - a potion of mutation {unknown}
 m - a potion of attraction {unknown}
 o - 6 potions of might {unknown}
 q - 3 potions of heal wounds {unknown}
 r - 4 potions of curing {unknown}
 u - 5 potions of enlightenment {unknown}
 v - 2 potions of berserk rage {unknown}
 K - a potion of ambrosia {unknown}
 M - a potion of invisibility {unknown}
Miscellaneous
 L - a lightning rod (4/4)


   Skills:
 * Level 10.8 Fighting
 + Level 7.5 Dodging
 * Level 13.1 Unarmed Combat
 + Level 8.6 Shapeshifting


You had 11 spell levels left.
You didn't know any spells.
Your spell library contained the following spells:

 Spells                   Type           Power      Damage    Failure   Level
 Call Imp                 Summ           0%         N/A       58%         2
 Sublimation of Blood     Necr           0%         N/A       58%         2
 Call Canine Familiar     Summ           0%         N/A       83%         3
 Sigil of Binding         Hex            0%         N/A       83%         3
 Tukima's Dance           Hex            0%         N/A       83%         3
 Dimensional Bullseye     Hex/Tloc       0%         N/A       99%         4
 Iskenderun's Mystic Bla  Conj/Tloc      0%         2d3       99%         4
 Summon Hydra             Summ           0%         N/A       100%        7


Dungeon Overview and Level Annotations

Branches:
Dungeon (12/15)            Temple (1/1) D:7            Lair (0/5) D:10
    Orc (0/2) D:11         Bailey (visited)

Altars:
Ashenzari
Cheibriados
Dithmenos
Elyvilon
Fedhas
Gozag
Hepliaklqana
Kikubaaqudgha
Makhleb
Nemelex Xobeh
Okawaru
Qazlal
Ru
Sif Muna
Trog
Uskayaw
Vehumet
Wu Jian
Xom
Yredelemnul
Zin
The Shining One

Shops:
D:5 *


Innate Abilities, Weirdness & Mutations

You are something dangerously unstable.
You glow with magical radiation, making you easy to see and hit.
Foes you strike become dangerously contaminated with magical radiation.
You are incapable of wielding weapons or throwing items.
Your life essence is reduced to manifest your ancestor. (-10% HP)
You are too large for most types of armour.
You have claws for hands.
Your natural rate of healing is unusually fast.
You are covered in fur. (AC +1)
You have tough skin. (AC +1)


Message History

The meliai invokes the aid of its god against you.
Something smites you!
Okay, then.
Unknown command.
Found a buckler.
The meliai mumbles some strange prayers to its god against you.
Something smites you!
The cyclops shouts!
The cyclops misses you.
The cyclops shouts!
A cyclops comes into view.
The meliai hits you with a +0 hand axe!!
The meliai barely misses you.
A vampire mosquito comes into view.
The vampire mosquito buzzes angrily.
The meliai hits you with a +0 hand axe! The meliai stings you.
You are poisoned.
The meliai poisons you!
A centaur comes into view. It is wielding a +0 quick blade.
The meliai barely misses you. The meliai misses you.
You feel very sick.
The centaur shouts!
The meliai hits you with a +0 hand axe. The meliai barely misses you.
You feel very sick.
The vampire mosquito closely misses you.
The meliai hits you with a +0 hand axe!
* * * LOW HITPOINT WARNING * * *
The meliai closely misses you.
There is a stone staircase leading up, spattered with blood here.
Unknown command.
Unknown command.
You feel very sick.
The vampire mosquito closely misses you.
The meliai hits you with a +0 hand axe!
* * * LOW HITPOINT WARNING * * *
The meliai stings you.
* * * LOW HITPOINT WARNING * * *
You are lethally poisoned!
The meliai poisons you! The cyclops hits you!!
You die...

..... .... #....
y..# #.... ...#
#...# ...# #...#
...# #...##...#
#...y....#### ###
#..pC.c......
....######y.C.#...#
..........#..#$#C .
.........C#.#...#
#...............o.
#...$........#...#
#........#..#)#...
#.......C#.#...#..
#........#........


You could see 2 cyclopes, an orc warrior, a vampire mosquito, a meliai and a
centaur.

Vanquished Creatures
  Erolcha (D:9)
  3 two-headed ogres
  A deep elf pyromancer (D:11)
  Pikel (D:4)
  A cyclops (D:11)
  2 elephants (D:10)
  Maggie (D:9)
  A komodo dragon (D:11)
  3 trolls
  Grinder (D:6)
  3 wraiths
  21 yaks
  Eustachio (D:4)
  4 wyverns
  A basilisk (D:11)
  Grum (D:9)
  A vampire (D:11)
  3 steam dragons
  5 vampire mosquitoes
  An acid dragon (D:10)
  Duvessa (D:7)
  A sky beast (D:7)
  16 orc warriors
  A black bear (D:10)
  An ogre (D:7)
  4 wolves (D:9)
  4 centaurs
  3 lemures (D:4)
  A phantom (D:7)
  A kobold brigand (D:6)
  4 bullfrogs
  2 gnoll sergeants
  A scorpion (D:6)
  A jelly (D:8)
  10 wights
  6 killer bees
  6 howler monkeys
  A bombardier beetle (D:3)
  6 hounds
  6 orc priests
  A sleepcap (D:5)
  2 iguanas
  8 orc wizards
  Robin (D:3)
  6 gnolls
  9 adders
  A shadow imp (D:5)
  A white imp (D:5)
  3 worms
  46 orcs
  5 ball pythons (D:1)
  6 bats
  9 endoplasms
  7 hobgoblins
  6 jackals
  10 kobolds
  4 quokkas
  7 frilled lizards
  24 goblins
  2 goblin skeletons (D:5)
  2 goblin zombies (D:5)
  4 hobgoblin zombies (D:5)
  2 kobold skeletons (D:5)
  2 kobold zombies (D:5)
  An orc skeleton (D:5)
  An orc zombie (D:5)
  5 rats
307 creatures vanquished.

Vanquished Creatures (collateral kills)
  A boulder beetle (D:11)
  An orc knight (Bailey)
  A manticore (D:12)
  A hornet (D:8)
  3 yaks
  2 orc warriors (Bailey)
  A black bear (D:7)
  Dowan (D:7)
  A howler monkey (D:8)
  2 orc wizards
  4 orcs
18 creatures vanquished.

Vanquished Creatures (others)
  4 hexers
4 creatures vanquished.

Grand Total: 329 creatures vanquished

Notes
Turn   | Place    | Note
-------+----------+-------------------------------------------
     0 | D:1      | greenreed the Troll Shapeshifter began the quest for the
                  | Orb.
     0 | D:1      | Reached XP level 1. HP: 18/18 MP: 0/0
    84 | D:1      | Reached skill level 1 in Fighting
   102 | D:1      | Reached XP level 2. HP: 27/27 MP: 1/1
   254 | D:1      | Reached XP level 3. HP: 33/33 MP: 2/2
   702 | D:2      | Reached XP level 4. HP: 37/42 MP: 3/3
   964 | D:2      | Found an iron altar of Okawaru.
  1449 | D:3      | Reached skill level 4 in Unarmed Combat
  1533 | D:3      | Reached XP level 5. HP: 47/50 MP: 4/4
  1896 | D:3      | Noticed Robin
  1943 | D:3      | Killed Robin
  2111 | D:3      | Reached XP level 6. HP: 59/59 MP: 5/5
  2362 | D:4      | Noticed Eustachio
  2372 | D:4      | Killed Eustachio
  2373 | D:4      | Reached skill level 5 in Unarmed Combat
  2468 | D:4      | Found a snail-covered altar of Cheibriados.
  2579 | D:4      | Noticed Pikel
  2588 | D:4      | Killed Pikel
  2589 | D:4      | Reached skill level 6 in Unarmed Combat
  2589 | D:4      | Reached XP level 7. HP: 40/70 MP: 6/6
  2826 | D:4      | Noticed a wyvern
  2830 | D:4      | Killed a wyvern
  2831 | D:4      | Reached XP level 8. HP: 70/79 MP: 7/7
  2893 | D:4      | Found a white marble altar of Elyvilon.
  2954 | D:5      | Entered Level 5 of the Dungeon
  2959 | D:5      | Found a hazy altar of Hepliaklqana.
  2989 | D:5      | Became a worshipper of Hepliaklqana the Forgotten
  3085 | D:5      | Found a glowing golden altar of the Shining One.
  3364 | D:5      | Found a glowing silver altar of Zin.
  3367 | D:5      | Found Zin's Purification Station.
  3413 | D:5      | Reached skill level 5 in Fighting
  3949 | D:6      | Reached * piety under Hepliaklqana
  4019 | D:6      | Noticed Grinder
  4024 | D:6      | Killed Grinder
  4025 | D:6      | Reached skill level 7 in Unarmed Combat
  4025 | D:6      | Reached skill level 5 in Shapeshifting
  4513 | D:7      | Noticed Duvessa
  4513 | D:7      | Noticed Dowan
  4513 | D:7      | Found a staircase to the Ecumenical Temple.
  4524 | D:7      | Killed Duvessa
  4525 | D:7      | Reached XP level 9. HP: 76/80 MP: 8/8
  4525 | D:7      | Killed Dowan
  4537 | Temple   | Entered the Ecumenical Temple
  4568 | D:7      | Found an iron altar of Okawaru.
  4675 | D:7      | Found a flagged portal.
  4689 | Bailey   | Entered a bailey
  4714 | Bailey   | Reached skill level 8 in Unarmed Combat
  4846 | Bailey   | Reached ** piety under Hepliaklqana
  4847 | Bailey   | Remembered your ancestor Ara as a hexer
  5021 | Bailey   | Noticed an orc knight
  5041 | Bailey   | Killed an orc knight
  5042 | Bailey   | Reached skill level 5 in Dodging
  5042 | Bailey   | Reached skill level 9 in Unarmed Combat
  5042 | Bailey   | Reached XP level 10. HP: 62/91 MP: 9/9
  5064 | Bailey   | Reached skill level 10 in Unarmed Combat
  5064 | Bailey   | Reached XP level 11. HP: 96/101 MP: 10/10
  5658 | D:7      | Found a radiant altar of Vehumet.
  5859 | D:8      | Reached skill level 11 in Unarmed Combat
  6178 | D:8      | Found a burning altar of Makhleb.
  6359 | D:8      | Found a sparkling altar of Nemelex Xobeh.
  6445 | D:8      | Found a shimmering altar of Xom.
  6597 | D:9      | Found a broken altar of Ashenzari.
  6726 | D:9      | Noticed Grum
  6743 | D:9      | Killed Grum
  7208 | D:9      | Reached *** piety under Hepliaklqana
  7217 | D:9      | Noticed Erolcha
  7227 | D:9      | Killed Erolcha
  7307 | D:9      | Identified the +0 chain mail of the Camelopard {Rampage rC-
                  | Will+ Str+2}
  7349 | D:9      | Found an ancient bone altar of Kikubaaqudgha.
  7361 | D:9      | Noticed Maggie
  7369 | D:9      | Killed Maggie
  7537 | D:10     | Entered Level 10 of the Dungeon
  7697 | D:10     | Reached skill level 12 in Unarmed Combat
  7748 | D:10     | Found a basalt altar of Yredelemnul.
  7764 | D:10     | Found an ornate altar of the Wu Jian Council.
  7765 | D:10     | Found a blossoming altar of Fedhas.
  7775 | D:10     | Noticed a two-headed ogre
  7784 | D:10     | Killed a two-headed ogre
  7785 | D:10     | Reached skill level 10 in Fighting
  7785 | D:10     | Reached XP level 12. HP: 105/113 MP: 11/11
  7983 | D:10     | Found a staircase to the Lair.
  8364 | D:11     | Noticed a two-headed ogre
  8403 | D:11     | Killed a two-headed ogre
  8704 | D:11     | Found a staircase to the Orcish Mines.
  8709 | D:11     | Reached **** piety under Hepliaklqana
  8842 | D:11     | Noticed a two-headed ogre
  8849 | D:11     | Killed a two-headed ogre
  9067 | D:12     | Noticed a boulder beetle
  9154 | D:11     | Killed a boulder beetle
  9159 | D:11     | Reached skill level 13 in Unarmed Combat
  9332 | D:12     | Mangled by a cyclops

Illustrated notes

Levels and vault maps discovered:
D:1:      nagdon_arrival_zigzag_paths, layout_rooms
D:2:      layout_basic, basic_altar, minmay_pentomino_t2
D:3:      layout_basic, amethyst_killhole, uniq_robin
D:4:      layout_cave_pools, nicolae_elyvilon_peaceful_grove,
          cheibriados_altar_1, uniq_pikel, uniq_eustachio
D:5:      layout_rooms, nicolae_tso_besieged_by_evil, kennysheep_mini_moat,
          zin_purify, serial_co_window_serial, co_window_corner_a,
          co_window_paths_a, co_window_paths_b, co_window_corner_a,
          co_window_corner_a, co_window_of_opportunity_b, co_window_broadway_b,
          co_window_unsneaky_path_d, co_window_cross_4
D:6:      layout_loops_ring, uniq_grinder
D:7:      kb_forest_paths, layout_rooms,
          mainiacjoe_overflow_concentric_impassable, lemuel_doored_altar,
          minmay_temple_entry_tees, enter_bailey_3, uniq_duvessa
D:8:      layout_basic, nemelex_xobeh_ov_fountains_minmay,
          kennysheep_little_box, kennysheep_mini, st_stairs_11,
          grunt_decor_clamped
D:9:      layout_roguey, mainiacjoe_overflow_six_doors_small,
          kiku_gazebo_pond_becter, serial_curves, eino_curves_02,
          eino_curves_02, uniq_grum, uniq_maggie, uniq_erolcha
D:10:     layout_rooms, marbit_many_paths,
          chequers_temple_overflow_statue_of_worship,
          grunt_lair_entry_orc_guard_hut
D:11:     layout_loops_corners, david_orc_3
D:12:     cheibrodos_fzero, layout_stronghold, ebering_ghost_gozag
Temple:   nicolae_temple_great_sept

Skill      XL: |  1  2  3  4  5  6  7  8  9 10 11 12 |
---------------+-------------------------------------+-----
Fighting       | 1 2 4 5 7 8 10 | 10.8
Dodging        | 2 3 4 5 6 7 |  7.5
Unarmed Combat | 4 6 7 9 10 12 13 | 13.1
Shapeshifting  | 4 5 6 7 8 |  8.6

Action                     |  1- 3 |  4- 6 |  7- 9 | 10-12 || total
---------------------------+-------+-------+-------+-------++-------
  Melee: Unarmed           |   100 |   172 |   213 |   382 ||   867
         Punch             |     2 |     3 |     5 |       ||    10
 Invoke: Ancestor Life: He |       |       |     1 |       ||     1
    Use: Potion            |       |       |       |     1 ||     1
   Stab: Sleeping          |       |     1 |       |       ||     1
         Confused          |       |       |     2 |     3 ||     5
         Distracted        |       |       |       |     5 ||     5
 Armour: Animal skin       |    57 |   136 |   132 |       ||   325
         Skin              |       |       |       |   204 ||   204
  Dodge: Dodged            |    46 |    97 |   124 |   275 ||   542
   Form: Flux              |       |       |       |     2 ||     2
                           |       |       |       |     1 ||     1

Table legend: (Time is in decaauts)
 A = Elapsed time spent in this place.
 B = Non-inter-level travel time spent in this place.
 C = Inter-level travel time spent in this place.
 D = Time resting spent in this place.
 E = Time spent auto-exploring this place.
 F = Levels seen in this place.
 G = Mean time per level.
                   A        B        C        D        E       F      G
               +--------+--------+--------+--------+--------+-----+--------+
         Total |   9209 |   8815 |    394 |    211 |   6730 |  14 |  657.8 |
       Dungeon |   8737 |   8343 |    394 |    131 |   6581 |  12 |  728.1 |
        Temple |      1 |      1 |      0 |      0 |      0 |   1 |    1.0 |
        Bailey |    470 |    470 |      0 |     80 |    149 |   1 |  470.0 |
               +--------+--------+--------+--------+--------+-----+--------+

Top non-repeatable levels by time:
    D:11: 1118 daAuts
     D:3: 960 daAuts
     D:9: 960 daAuts
     D:7: 849 daAuts
     D:5: 846 daAuts
     D:2: 842 daAuts
     D:6: 697 daAuts
     D:8: 694 daAuts
     D:4: 587 daAuts
    D:10: 551 daAuts
     D:1: 541 daAuts
  Bailey: 470 daAuts
    D:12: 89 daAuts
  Temple: 1 daAuts
